 Dungeon Crawl Stone Soup version 0.27-a0-1193-g8631133539 (webtiles) character file.

Game seed: 12799026987840461403

33 robertstho the Skirmisher (level 3, 0/49 HPs)
             Began as a Draconian Berserker on May 26, 2021.
             Was a Follower of Trog.
             Succumbed to Sigmund's poison
             ... on level 2 of the Dungeon.
             The game lasted 00:01:05 (1331 turns).

robertstho the Skirmisher (Draconian Berserker)     Turns: 1331, Time: 00:01:06

Health: 0/49       AC:  5    Str: 20    XL:     3   Next: 12%
Magic:  3/3        EV: 12    Int:  7    God:    Trog [*.....]
Gold:   73         SH:  0    Dex: 10    Spells: 2/2 levels left

rFire    . . .     SeeInvis .   d - +2 demon trident (freeze)
rCold    . . .     Faith    .   (no shield)
rNeg     . . .     Spirit   .   (armour unavailable)
rPois    .         Reflect  .   (helmet restricted)
rElec    .         Harm     .   (no cloak)
rCorr    .         Rampage  .   (no gloves)
Will     .....     Rnd*Tele +   (no boots)
Stlth    ..........             f - amulet of regeneration
HPRegen  1.16/turn              (no ring)
MPRegen  0.08/turn              (no ring)

@: confused, berserking, lethally poisoned (0 -> -6), very quick
A: AC +5, unfitting armour, cold-blooded, teleportitis 1
a: Renounce Religion, Berserk


You were on level 2 of the Dungeon.
You worshipped Trog.
Trog was aware of your devotion.
You visited 1 branch of the dungeon, and saw 2 of its levels.

You collected 73 gold pieces.

Inventory:

Hand Weapons
 a - a +0 hand axe
 d - a +2 demon trident of freezing (weapon)
Jewellery
 f - an amulet of regeneration (around neck)
Scrolls
 c - 3 scrolls of identify {unknown}
Potions
 g - a potion of haste {unknown}
 h - a potion of lignification {unknown}
 i - a potion of heal wounds {unknown}


   Skills:
 * Level 4.1 Fighting
 + Level 3.1(3.2) Axes
 + Level 0.6(2.0) Polearms
 * Level 3.0 Dodging


You had 2 spell levels left.
You didn't know any spells.
Your spell library was empty.

Dungeon Overview and Level Annotations

Branches:
Dungeon (2/15)

Altars:
Wu Jian

Annotations:
D:2 1 runed translucent door, Crazy Yiuf, Sigmund


Innate Abilities, Weirdness & Mutations

Your plain brown scales are hard. (AC +5)
You cannot fit into any form of body armour.
You are cold-blooded and may be slowed by cold attacks.
You are occasionally teleported next to monsters.


Message History

Sigmund points at you and mumbles some strange words.
You are confused.
Found 25 stones.
You are too confused!
You barely miss Sigmund.
Your tail-slap misses Sigmund.
Sigmund barely misses you.
You puncture Sigmund! You freeze Sigmund.
Sigmund is moderately wounded.
Sigmund barely misses you.
Sigmund points at you and mumbles some strange words.
You are more confused.
You bump into the rock wall.
Sigmund casts a spell at himself.
Sigmund flickers and vanishes!
Deactivating autopickup; reactivate with Ctrl-A.
You miss something. You tail-slap something.
Something hits you but does no damage.
You are poisoned.
You barely miss something.
You feel sick. Something hits you.
You bump into the rock wall.
You feel sick. Something hits you.
You are more poisoned.
You bump into the rock wall.
You feel very sick. Something hits you!
You are lethally poisoned!
It was a potion of mutation.
You feel extremely strange.
You feel weirdly uncertain.
* * * LOW HITPOINT WARNING * * *
You feel very sick. Something barely misses you.
It was a potion of berserk rage.
A red film seems to cover your vision as you go berserk!
You feel yourself moving faster!
You feel mighty!
You feel very sick.
You hear some strange, mumbled words.
A magic dart appears from out of thin air!
The magic dart hits you!
* * * LOW HITPOINT WARNING * * *
You feel a strong urge to attack something.
You die...

#.# #.# #.##.##.# #.#
#.# #..#.##.# #.# #.#
##...##.# #.#
#.####..###.# #.#
#...........# #.#
######..##### #.# #..#
#.###########..#
#.....@##......#######
######.##.###........#
#{# #>.####..# ..#
#..# #..# #.## #.<#
#..## #. #...###.#.#
#. #.......... #.
#...####.## #( ..###
#.#


There were no monsters in sight!

Vanquished Creatures
  An adder (D:2)
  A worm (D:2)
  3 bats
  2 giant cockroaches (D:1)
  4 goblins
  4 kobolds
  2 quokkas (D:1)
  A ball python (D:1)
  A rat (D:1)
19 creatures vanquished.

Notes
Turn   | Place    | Note
-------+----------+-------------------------------------------
     0 | D:1      | robertstho the Draconian Berserker began the quest for the
                  | Orb.
     0 | D:1      | Reached XP level 1. HP: 19/19 MP: 1/1
   221 | D:1      | Reached XP level 2. HP: 26/27 MP: 2/2
   738 | D:1      | Reached skill level 4 in Fighting
   971 | D:2      | Found an ornate altar of the Wu Jian Council.
  1144 | D:2      | Reached XP level 3. HP: 33/33 MP: 3/3
  1230 | D:2      | Found a runed translucent door.
  1231 | D:2      | Noticed Crazy Yiuf
  1318 | D:2      | Noticed Sigmund
  1329 | D:2      | Gained mutation: You are occasionally teleported next to
                  | monsters. [potion of mutation]
  1330 | D:2      | HP: 1/49 [something/magic dart (9)]
  1331 | D:2      | Succumbed to Sigmund's poison

Illustrated notes

Levels and vault maps discovered:
D:1:      dpeg_arrival_three_same_balls, layout_basic
D:2:      layout_loops_ring, basic_altar, hangedman_decor_opposing,
          uniq_sigmund, uniq_crazy_yiuf_cottage

Skill      XL: |  1  2 |
---------------+-------+-----
Fighting       | 4 |  4.1
Dodging        | 3 |  3.0
Axes           | |  3.1
Polearms       | |  0.6

Action                   || total
-------------------------++-------
Melee: Demon trident     ||    47
       Tailslap          ||     3
  Use: Potion            ||     2
 Stab: Sleeping          ||     1
Armor: Skin              ||     9
Dodge: Dodged            ||    19

Table legend: (Time is in decaauts)
 A = Elapsed time spent in this place.
 B = Non-inter-level travel time spent in this place.
 C = Inter-level travel time spent in this place.
 D = Time resting spent in this place.
 E = Time spent auto-exploring this place.
 F = Levels seen in this place.
 G = Mean time per level.
                   A        B        C        D        E       F      G
               +--------+--------+--------+--------+--------+-----+--------+
         Total |   1340 |   1303 |     37 |      0 |   1166 |   2 |  670.0 |
       Dungeon |   1340 |   1303 |     37 |      0 |   1166 |   2 |  670.0 |
               +--------+--------+--------+--------+--------+-----+--------+

Top non-repeatable levels by time:
     D:1: 874 daAuts
     D:2: 465 daAuts
